cohdb
Replays
Latest Replays
All Replays
Popular Replays
Top Player Replays
Match Explorer
How It Works
Community
CoH3 Stats
Reddit
Sign in to upload your games and track your stats! →
Sign in with Steam
Match 39645285
Unlisted
Match 39645285
Overview
Messages
Build Orders
End
Panzerpioneer Squad
250 Light Carrier
Selects Panzerjäger Kommand Battlegroup
Panzerpioneer Squad
Construct Light Support Kompanie
Selects Mine Fields
Selects GrB 39 Grenade Launcher Requisition
Assault Grenadier Squad
Combat Half-tracks
Assault Mechanized Group
Selects Defensive Positions
Fire Support Elements
Panzerjäger Squad
Construct Panzerarmee Kommand
qUiBbLe WiBbLe
Nashorn101
[DOOD] Big Homie Pipe Down
Iron torrent
0
0
Comments
sign in to comment!
No comments posted yet!